 Dungeon Crawl Stone Soup version 0.30-a0-782-ge64f9170bb (webtiles) character file.

Game seed: 1325487312821097566

345 senseless the Poker (level 6, -1/47 HPs)
             Began as a Merfolk Gladiator on Mar 4, 2023.
             Slain by an orc
             ... wielding a +0 war axe
              (2 damage)
             ... on level 4 of the Dungeon.
             The game lasted 00:10:29 (2259 turns).

senseless the Poker (Merfolk Gladiator)             Turns: 2259, Time: 00:10:30

Health: -1/47      AC:  5    Str: 16    XL:     6   Next: 58%
Magic:  6/6        EV: 13    Int:  8    God:
Gold:   137        SH:  4    Dex: 15    Spells: 5/5 levels left

rFire   . . .      SeeInvis .    a - +0 trident
rCold   . . .      Faith    +    f - +0 buckler
rNeg    . . .      Spirit   .    b - +0 leather armour
rPois   .          Reflect  .    p - +1 hat
rElec   .          Harm     .    g - +0 cloak
rCorr   .          Rampage  .    (no gloves)
Will    .....                    (no boots)
Stlth   ++                       l - amulet of faith
HPRegen 0.27/turn                (no ring)
MPRegen 0.10/turn                (no ring)

@: no status effects
A: (nimble swimmer 2), mertail
a: no special abilities


You were on level 4 of the Dungeon.
You visited 1 branch of the dungeon, and saw 4 of its levels.

You collected 137 gold pieces.

Inventory:

Hand Weapons
 a - a +0 trident (weapon)
Missiles
 d - 2 throwing nets (quivered)
 e - a javelin
 i - 5 boomerangs
Armour
 b - a +0 leather armour (worn)
 c - a +0 helmet
 f - a +0 buckler (worn)
 g - a +0 cloak (worn)
 k - a +0 kite shield
 m - an orb of guile
 o - a +0 plate armour
 p - a +1 hat (worn)
Jewellery
 l - an amulet of faith (around neck)
Scrolls
 r - 4 scrolls of identify
Potions
 h - a potion of haste
 j - a potion of attraction
 n - a potion of lignification
 q - a potion of ambrosia
 s - 2 potions of curing
 t - a potion of flight
 u - a potion of might {unknown}


   Skills:
 + Level 3.4 Fighting
 + Level 6.5 Polearms
 + Level 2.2 Throwing
 + Level 1.5 Armour
 + Level 4.9 Dodging
 + Level 2.7 Stealth
 + Level 1.0 Shields


You had 5 spell levels left.
You didn't know any spells.
Your spell library contained the following spells:

 Spells                   Type           Power      Damage    Failure   Level
 Beastly Appendage        Tmut           0%         N/A       58%         1
 Wereblood                Tmut           0%         N/A       73%         2
 Spider Form              Tmut/Pois      0%         N/A       91%         3


Dungeon Overview and Level Annotations

Branches:
Dungeon (4/15)
 Temple: D:4-7

Altars:
Qazlal
Trog
Vehumet

Shops:
D:1 (


Innate Abilities, Weirdness & Mutations

((You are very nimble when in or above water. (Stealth+, EV+, Speed+++)))
Your lower body shifts to a powerful aquatic tail in water.


Message History

The orc wizard is almost dead.
The orc wizard hits you but does no damage.
The orc closely misses you.
An orc comes into view. It is wielding a +0 dagger.
You barely miss the orc wizard.
The orc wizard is almost dead.
The orc wizard casts a spell.
The orc wizard flickers and vanishes!
Deactivating autopickup; reactivate with Ctrl-A.
The orc closely misses you.
An orc comes into view. It is wielding a +0 club.
You closely miss something.
A giant cockroach comes into view.
Something hits you.
The orc hits you with a +0 flail of protection!
You barely miss something. You block something's attack.
You block the orc's attack. The orc misses you.
You miss something. The orc hits you with a +0 club.
* * * LOW HITPOINT WARNING * * *
Something hits you.
* * * LOW HITPOINT WARNING * * *
The orc barely misses you.
The orc hits you with a +0 flail of protection.
* * * LOW HITPOINT WARNING * * *
You miss something. The orc hits you but does no damage.
You hear some strange, mumbled words.
Something tries to affect you, but you resist.
The orc barely misses you.
The orc hits you with a +0 flail of protection.
* * * LOW HITPOINT WARNING * * *
You closely miss something.
The kobold shouts!
You hear a shout! x2
You block the orc's attack.
You hear some strange, mumbled words.
Something tries to affect you, but you resist.
You block the orc's attack.
The orc hits you with a +0 flail of protection.
* * * LOW HITPOINT WARNING * * *
The orc hits you with a +0 war axe.
You die...

..........## ..# #..
..#........####..##.....
..#.......##.....#..#...
...........#........#...
..................#.....
...##.............#....
.#..#.<..#...........#
........##.....oo{###
.............†..@##
.........##....oo#
.........##.............
........###......o......
......... #.......).....
......... ##...........#
....._8_.....#
....#....B.K...
..###........K.


You could see 5 orcs, a giant cockroach (wandering) and a kobold.

Vanquished Creatures
  Sigmund (D:3)
  A necrophage (D:3)
  An orc wizard (D:3)
  2 adders
  2 worms (D:2)
  3 dart slugs
  3 orcs
  2 endoplasms
  6 giant cockroaches
  6 hobgoblins
  5 quokkas
  5 ball pythons
  8 bats
  4 frilled lizards
  6 goblins
  7 kobolds
  6 rats
68 creatures vanquished.

Notes
Turn   | Place    | Note
-------+----------+-------------------------------------------
     0 | D:1      | senseless the Merfolk Gladiator began the quest for the
                  | Orb.
     0 | D:1      | Reached XP level 1. HP: 16/16 MP: 1/1
   112 | D:1      | Found Ciri's Weapon Boutique.
   236 | D:1      | Reached XP level 2. HP: 22/23 MP: 2/2
   582 | D:1      | Reached XP level 3. HP: 28/28 MP: 3/3
   771 | D:2      | Found a radiant altar of Vehumet.
   787 | D:2      | Reached skill level 1 in Stealth
  1007 | D:2      | Reached XP level 4. HP: 29/34 MP: 4/4
  1306 | D:3      | Noticed Sigmund
  1306 | D:3      | Noticed a necrophage
  1405 | D:3      | Killed a necrophage
  1406 | D:3      | Reached skill level 5 in Polearms
  1406 | D:3      | Reached XP level 5. HP: 16/41 MP: 5/5
  1735 | D:3      | Killed Sigmund
  1736 | D:3      | Reached skill level 6 in Polearms
  1736 | D:3      | Reached skill level 1 in Armour
  1736 | D:3      | Reached XP level 6. HP: 45/47 MP: 6/6
  1814 | D:3      | Reached skill level 1 in Shields
  2185 | D:4      | Found a bloodstained altar of Trog.
  2185 | D:4      | Found a stormy altar of Qazlal.
  2259 | D:4      | HP: 1/47 [orc/+0 flail of protection (2)]
  2259 | D:4      | Slain by an orc

Illustrated notes

Levels and vault maps discovered:
D:1:      kennysheep_arrival_forest, layout_basic, serial_shops,
          nicolae_shop_bloodbath_and_beyond
D:2:      layout_rooms, basic_altar, serial_corexii_hall,
          corexii_hall_statues_l, chequers_hall_statues_corner_a,
          serial_bayou_crossing
D:3:      layout_rooms, st_stairs_7, uniq_sigmund
D:4:      layout_cave_pools, chequers_temple_overflow_statue_of_worship

Skill      XL: |  1  2  3  4  5  6 |
---------------+-------------------+-----
Stealth        | 1 2 |  2.7
Fighting       | 3 |  3.4
Polearms       | 5 6 |  6.5
Armour         | 1 |  1.5
Shields        | 1 |  1.0
Throwing       | |  2.2
Dodging        | |  4.9

Action                     |  1- 3 |  4- 6 || total
---------------------------+-------+-------++-------
  Melee: Trident           |   129 |   150 ||   279
  Throw: Throwing net      |       |     4 ||     4
    Use: Scroll            |     7 |     2 ||     9
   Stab: Sleeping          |     3 |     8 ||    11
         Held in net/web   |       |     1 ||     1
 Armour: Leather armour    |    26 |    30 ||    56
  Dodge: Dodged            |    64 |    64 ||   128
  Block: Buckler           |    11 |    26 ||    37

Table legend: (Time is in decaauts)
 A = Elapsed time spent in this place.
 B = Non-inter-level travel time spent in this place.
 C = Inter-level travel time spent in this place.
 D = Time resting spent in this place.
 E = Time spent auto-exploring this place.
 F = Levels seen in this place.
 G = Mean time per level.
                   A        B        C        D        E       F      G
               +--------+--------+--------+--------+--------+-----+--------+
         Total |   2280 |   2095 |    185 |    137 |   1325 |   4 |  570.0 |
       Dungeon |   2280 |   2095 |    185 |    137 |   1325 |   4 |  570.0 |
               +--------+--------+--------+--------+--------+-----+--------+

Top non-repeatable levels by time:
     D:3: 778 daAuts
     D:1: 772 daAuts
     D:2: 583 daAuts
     D:4: 146 daAuts
